 Dungeon Crawl Stone Soup version 0.26.1-2-gb8aa6d0cf2 (webtiles) character file.

Game seed: 3750467104128658192

10183 CryoSword the Zephyrmancer (level 11, -4/54 HPs)
             Began as a Tengu Air Elementalist on Feb 14, 2021.
             Was a Priest of Vehumet.
             Slain by a centaur (6 damage)
             ... on level 11 of the Dungeon.
             The game lasted 00:43:33 (16344 turns).

CryoSword the Zephyrmancer (TeAE)                  Turns: 16344, Time: 00:43:33

Health: -4/54      AC:  5    Str:  8    XL:     11   Next: 58%
Magic:  19/22      EV: 14    Int: 24    God:    Vehumet [***...]
Gold:   313        SH:  7    Dex: 16    Spells: 8/23 levels left

rFire    + . .     SeeInvis .   a - +3 spear (freeze)
rCold    + . .     Faith    .   s - +2 buckler
rNeg     . . .     Spirit   .   I - +0 troll leather armour
rPois    .         Reflect  .   (helmet restricted)
rElec    .         Harm     .   w - scarf {rC+ rF+}
rCorr    .         Rampage  .   j - +0 pair of gloves
Will     .....                  (boots unavailable)
Stlth    ++++......             G - amulet of magic regeneration
HPRegen  0.58/turn              p - +6 ring of intelligence
MPRegen  0.43/turn              (no ring)

@: flying quickly and evasively, quick
A: beak, talons 3, able to fly
a: Stop Flying, Renounce Religion


You were on level 11 of the Dungeon.
You worshipped Vehumet.
Vehumet was most pleased with you.
You visited 2 branches of the dungeon, and saw 12 of its levels.
You also visited: Bailey.

You collected 738 gold pieces.
You spent 425 gold pieces at shops.

Inventory:

Hand Weapons
 a - a +3 spear of freezing (weapon)
   (You took it off a gnoll on level 6 of the Dungeon)
Missiles
 o - 18 poisoned darts (quivered)
 A - 73 boomerangs
Armour
 j - a +0 pair of gloves (worn)
   (You found it on level 6 of the Dungeon)
 s - a +2 buckler (worn)
   (You found it on level 3 of the Dungeon)
 w - a scarf of resistance (worn)
   (You found it on level 5 of the Dungeon)
 y - a +0 kite shield
   (You took it off a gnoll sergeant on level 6 of the Dungeon)
 I - a +0 troll leather armour (worn)
   (You found it on level 10 of the Dungeon)
Jewellery
 p - a +6 ring of intelligence (left hand)
   (You found it on level 3 of the Dungeon)
 G - an amulet of magic regeneration (around neck)
   (You bought it in a shop on level 9 of the Dungeon)
Wands
 F - a wand of enslavement (12)
   (You took it off Psyche on level 8 of the Dungeon)
 H - a wand of iceblast (5)
   (You found it on level 10 of the Dungeon)
Scrolls
 c - 2 scrolls of immolation {!r}
 d - 6 scrolls of remove curse {@r2}
 g - 4 scrolls of identify {@r1}
 i - 3 scrolls of enchant armour
 k - 5 scrolls of amnesia
 l - a scroll of magic mapping
 m - 5 scrolls of teleportation {@r4}
 q - 2 scrolls of acquirement {unknown}
 r - a scroll of fear {unknown}
 u - a scroll of torment {unknown}
 v - 3 scrolls of enchant weapon
 z - a scroll of blinking {unknown}
 D - 3 scrolls of random uselessness {unknown}
 E - a scroll of fog {unknown}
 J - a scroll of noise {unknown}
Potions
 b - 3 potions of heal wounds {@q2}
 e - 6 potions of haste {@q3}
 f - 2 potions of might
 h - a potion of brilliance
 n - 5 potions of curing {@q1}
 t - 2 potions of resistance
 x - 2 potions of cancellation
 B - a potion of ambrosia
 C - a potion of lignification {!q}
 K - a potion of mutation {unknown}


   Skills:
 - Level 2.1 Dodging
 + Level 8.0 Stealth
 - Level 4.0 Shields
 + Level 6.7 Spellcasting
 * Level 12.7 Conjurations
 + Level 2.6 Summonings
 * Level 13.1 Air Magic


You had 8 spell levels left.
You knew the following spells:

 Your Spells              Type           Power        Failure   Level
a - Shock                 Conj/Air       100%         1%          1
b - Swiftness             Air            63%          1%          2
c - Static Discharge      Conj/Air       63%          1%          3
d - Airstrike             Air            31%          1%          4
e - Lightning Bolt        Conj/Air       31%          1%          5

Your spell library contained the following spells:

 Spells                   Type           Power        Failure   Level
 Conjure Flame            Conj/Fire      38%          1%          3
 Beastly Appendage        Tmut           16%          11%         1
 Wereblood                Tmut           8%           16%         2
 Spider Form              Tmut/Pois      4%           32%         3
 Ice Form                 Ice/Tmut       8%           71%         4
 Blade Hands              Tmut           4%           96%         5


Dungeon Overview and Level Annotations

Branches:
Dungeon (11/15)            Temple (1/1) D:7            Lair (0/6) D:9
 Bailey (visited)
    Orc: D:9-12

Altars:
Ashenzari
Cheibriados
Dithmenos
Elyvilon
Fedhas
Gozag
Hepliaklqana
Kikubaaqudgha
Makhleb
Nemelex Xobeh
Okawaru
Qazlal
Ru
Sif Muna
Trog
Uskayaw
Vehumet
Wu Jian
Xom
Yredelemnul
Zin
The Shining One

Shops:
D:8 [   D:9 *

Annotations:
D:10 1 runed translucent door, faxtax's ghost, novice MiFi
D:11 Erica; Urug


Innate Abilities, Weirdness & Mutations

You have a beak for a mouth.
You have claws for feet.
You can fly continuously.


Message History

There is a stone staircase leading up, spattered with blood here.
You see here 5 arrows.
The centaur is struck by an arc of lightning!
You are struck by an arc of lightning.
The white imp is struck by an arc of lightning.
The lightning grounds out.
The centaur unwields a +0 shortbow.
The centaur wields a +0 hand axe.
The centaur hits you with a +0 hand axe.
You block the white imp's attack.
The white imp is struck by an arc of lightning.
You kill the white imp!
Vehumet accepts your kill.
You are struck by an arc of lightning.
The lightning grounds out.
The centaur is struck by an arc of lightning!
You kill the centaur!
Vehumet accepts your kill.
You feel your power returning.
You are struck by an arc of lightning.
The lightning grounds out.
A white imp comes into view.
Your Air Magic skill increases to level 13!
Aim: a white imp (wandering, hasn't noticed you, 26% to evade)
The zap hits the orc priest.
The zap misses the white imp.
The zap hits the white imp but does no damage.
The zap misses the white imp.
The zap hits the white imp.
The white imp shouts, "Scamper home, thou fulsome boil-brained nobody!"
Something shouts, "Escape, thou gorbellied lightweight dingleberry!"
The orc priest invokes the aid of Beogh against you.
Pain shoots through your body!
You hear a shout!
The zap hits the orc priest.
The zap hits the white imp.
The zap hits the white imp!
The zap hits the white imp but does no damage.
The zap hits the white imp!
The zap hits the white imp.
The orc priest barely misses you.
You don't know that spell.
You hear a mighty clap of thunder!
The bolt of lightning misses the orc priest.
The bolt of lightning hits the white imp.
The bolt of lightning misses the white imp.
The bolt of lightning hits the white imp!!!
You kill the white imp!
Vehumet accepts your kill.
You hear an angry hiss.
You hear a shout! x11
The orc priest hits you with a +0 dagger.
You hear a mighty clap of thunder!
The bolt of lightning hits the orc priest!!
You kill the orc priest!
Vehumet accepts your kill.
You feel your power returning.
The bolt of lightning hits the white imp.
The bolt of lightning hits the white imp!!
You kill the white imp!
Vehumet accepts your kill.
You feel your power returning.
Something shouts, "Back with thee, thou bumbling sow-suckled barnacle!"
You hear a shout! x3
The zap hits the white imp.
You kill the white imp!
Vehumet accepts your kill.
You feel your power returning. The white imp gestures at you.
The puff of frost hits you. You resist.
* * * LOW HITPOINT WARNING * * *
An adder comes into view.
The centaur wields a +0 shortbow.
The centaur shoots an arrow.
The arrow hits you.
* * * LOW HITPOINT WARNING * * *
You fly upwards.
Level annotation: 1 runed translucent door, faxtax's ghost, novice MiFi
There is a stone staircase leading down here.
You start resting.
A two-headed ogre is nearby!
A two-headed ogre is nearby!
Aim: a two-headed ogre, wielding two +0 giant spiked clubs (wandering, hasn't noticed you, 17% to evade)
You hear a mighty clap of thunder!
The bolt of lightning hits the two-headed ogre!!!
Aim: a two-headed ogre, wielding two +0 giant spiked clubs (almost dead, 17% to evade)
You hear a mighty clap of thunder!
The bolt of lightning hits the two-headed ogre.
Aim: a two-headed ogre, wielding two +0 giant spiked clubs (almost dead, 17% to evade)
You hear a mighty clap of thunder!
The bolt of lightning misses the two-headed ogre.
Aim: a two-headed ogre, wielding two +0 giant spiked clubs (almost dead, 12% to evade) That beam is likely to hit you.
Continue anyway?
The zap hits the two-headed ogre.
The zap hits the two-headed ogre but does no damage.
The zap misses you.
The two-headed ogre hits you with a +0 giant spiked club!
You block the two-headed ogre's attack.
You see here an arrow.
Aim: a two-headed ogre, wielding two +0 giant spiked clubs (almost dead, 12% to evade)
The zap hits the two-headed ogre!
You kill the two-headed ogre!
Vehumet accepts your kill.
Your Stealth skill increases to level 8!
Things that are here:
a +0 giant spiked club; a +0 giant spiked club You see here an arrow.
There is a stone staircase leading down here.
You start resting.
You start resting.
You fly downwards.
You feel a wave of frost pass over you.
There is an entrance to an ice cave on this level.
Hurry and find it before the portal melts!
Level annotation: Urug You hear the steady crackling of a melting archway nearby.
You block the adder's attack. The adder barely misses you.
The centaur shoots an arrow.
The arrow hits you.
There is a stone staircase leading up, spattered with blood here.
You see here 7 arrows.
The adder is struck by an arc of lightning!
You kill the adder!
Vehumet accepts your kill.
You feel your power returning.
You are struck by an arc of lightning.
The centaur shoots an arrow.
The arrow barely misses you.
Urug throws a javelin.
The javelin closely misses you.
A white imp comes into view.
The white imp shouts!
The centaur shoots an arrow.
The arrow completely misses you.
The arrow hits the white imp!!
The white imp dies!
Urug throws a javelin.
The javelin pierces through you!!
You hear a shout!
Things that are here:
a javelin; 19 gold pieces 3 centaurs come into view.
The centaur shoots an arrow.
The arrow hits you!
* * * LOW HITPOINT WARNING * * *
The centaur wields a +0 shortbow.
The centaur shoots an arrow.
The arrow hits you!
* * * LOW HITPOINT WARNING * * *
The centaur hits you.
* * * LOW HITPOINT WARNING * * *
You see here 2 arrows.
The centaur shoots an arrow.
The arrow barely misses you.
A centaur comes into view.
The centaur shoots an arrow.
The arrow hits you but does no damage. The centaur hits you!
* * * LOW HITPOINT WARNING * * *
Erica the Fiery-Tempered comes into view.
She is wielding a +0 scimitar of flaming and wearing a +1 robe of positive energy.
You see here an arrow.
The centaur is struck by an arc of lightning!
The lightning grounds out.
The centaur is struck by an arc of lightning!
The centaur is struck by an arc of lightning.
You are struck by an arc of lightning.
* * * LOW HITPOINT WARNING * * *
The lightning grounds out.
The centaur shoots an arrow.
The arrow misses you. The centaur hits you.
You die...

*,**,*,,,,,,,,,,**,,,,,,
*,**,,,*,..,,**,,,,,,,,,
*****,***,****.#,##***,,,,,,
*****,,,*,*##,****..,5#* ***,,,*
*,,,,,,,,,>,.,,<,,,.#),* *,,,*
*,*,,,*,.***#.*****...,* ***,**
**,,,*,,,#..##(#* *#.#.# *,,,**
*,,*,,,*,,,#..>.#####.#.#**#.,,,,
,*,,,*,,,*,,,#..@(.##(#(##...,,**
,,,*,,,*,,,#...cc#..(<....(..,,*
,*,,,*,,,#@.c#..###c<..(##...,,*
,,,*,,,*,..#....,#.W.........,,*
,*,,,*,,,#.c.#.#.W.#........#*,**
,,,*,,,*,..#...#####.######o#,,,,
,*,,,*,,,#,..#.#####.# *,#,*,*
*,,*,,,*,,.#.........# *,#.*,*
,,*,,*,,,*,,*###...#.######...,^*


You could see Erica and 5 centaurs.

Vanquished Creatures
  An orc warlord (Bailey)
  2 two-headed ogres
  Psyche (D:8)
  A gargoyle (D:11)
  The ghost of Gnirx the Digger, a novice GrEE (D:5)
  3 trolls
  A wyvern (D:10)
  Menkaure (D:6)
  Edmund (D:6)
  A water moccasin (D:10)
  4 phantoms
  2 sky beasts
  8 orc warriors
  2 ice beasts
  5 ogres
  4 black bears
  An eye of draining (D:10)
  3 centaurs
  7 bullfrogs
  A gnoll sergeant (D:6)
  3 scorpions
  15 killer bees
  5 wights
  A howler monkey (D:5)
  A centaur zombie (D:7)
  2 quasits
  6 hounds
  4 orc priests
  5 jellies
  A gnoll shaman (D:3)
  7 orc wizards
  2 bullfrog skeletons
  2 centaur skeletons
  6 iguanas
  7 worker ants
  The ghost of Descartes the Vexing, a weakling DEAM (D:4)
  9 gnolls
  11 adders
  A howler monkey skeleton (D:4)
  A shadow imp (D:7)
  10 white imps
  2 ufetubi
  2 oozes
  2 worms (D:3)
  3 dart slugs
  7 leopard geckos
  53 orcs
  4 giant cockroaches
  12 goblins
  10 hobgoblins
  15 jackals
  19 kobolds
  2 quokkas
  5 bats
  5 frilled lizards
  9 rats
300 creatures vanquished.

Vanquished Creatures (others)
  A white imp (D:11)
  A fungus (D:3)
  8 plants
  3 toadstools (D:3)
  2 withered plants (D:4)
15 creatures vanquished.

Grand Total: 315 creatures vanquished

Notes
Turn   | Place    | Note
-------+----------+-------------------------------------------
     0 | D:1      | CryoSword the Tengu Air Elementalist began the quest for
                  | the Orb.
     0 | D:1      | Reached XP level 1. HP: 10/10 MP: 4/4
   118 | D:1      | Reached XP level 2. HP: 14/15 MP: 1/6
   211 | D:1      | Learned a level 2 spell: Swiftness
   667 | D:1      | Reached XP level 3. HP: 13/19 MP: 0/7
  1128 | D:2      | Learned a level 3 spell: Static Discharge
  1781 | D:3      | Found a shimmering altar of Xom.
  1807 | D:3      | Reached XP level 4. HP: 15/24 MP: 1/8
  2027 | D:3      | Reached skill level 5 in Air Magic
  2532 | D:3      | Gained mutation: You can fly continuously. [Tengu growth]
  2532 | D:3      | Reached XP level 5. HP: 18/28 MP: 1/9
  3527 | D:3      | Reached XP level 6. HP: 32/32 MP: 9/11
  3744 | D:4      | Reached skill level 6 in Air Magic
  3760 | D:4      | Reached skill level 1 in Shields
  3800 | D:4      | Found a runed translucent door.
  3800 | D:4      | Noticed Descartes's ghost (weakling DEAM)
  4000 | D:4      | Reached skill level 5 in Conjurations
  4575 | D:4      | Reached XP level 7. HP: 36/36 MP: 5/12
  5024 | D:4      | Killed Descartes's ghost
  5090 | D:5      | Entered Level 5 of the Dungeon
  5090 | D:5      | Noticed Gnirx's ghost (novice GrEE)
  5097 | D:5      | Found a runed translucent gate.
  5097 | D:5      | Found a runed translucent gate.
  5107 | D:5      | Found a runed translucent gate.
  5414 | D:5      | Learned a level 4 spell: Airstrike
  6292 | D:6      | Found a stormy altar of Qazlal.
  6409 | D:6      | Noticed Menkaure
  6528 | D:6      | Reached skill level 7 in Air Magic
  6528 | D:6      | Reached XP level 8. HP: 40/41 MP: 5/14
  6829 | D:6      | Noticed Edmund
  7140 | D:6      | Killed Edmund
  7141 | D:6      | Reached skill level 8 in Air Magic
  8204 | D:7      | Reached XP level 9. HP: 45/45 MP: 12/16
  8264 | D:7      | Reached skill level 5 in Stealth
  8408 | D:7      | Reached skill level 9 in Air Magic
  8810 | D:7      | Found a staircase to the Ecumenical Temple.
  8816 | Temple   | Entered the Ecumenical Temple
  9190 | D:7      | Found a shadowy altar of Dithmenos.
  9190 | D:7      | Found a radiant altar of Vehumet.
  9192 | D:7      | Found an opulent altar of Gozag.
  9858 | D:8      | Found a sparkling altar of Nemelex Xobeh.
 10281 | D:8      | Reached skill level 10 in Air Magic
 10307 | D:7      | Became a worshipper of Vehumet
 10313 | D:7      | Got a jade-encrusted scale mail
 10638 | D:8      | Reached skill level 5 in Spellcasting
 10770 | D:8      | Noticed Psyche
 10790 | D:8      | Killed Psyche
 10791 | D:8      | Reached skill level 10 in Conjurations
 10791 | D:8      | Reached XP level 10. HP: 26/50 MP: 1/18
 11026 | D:8      | Found Buovag's Antique Armour Boutique.
 11062 | D:8      | Noticed a two-headed ogre
 11400 | D:8      | Killed a two-headed ogre
 11401 | D:8      | Reached skill level 11 in Air Magic
 11614 | D:9      | Found a flagged portal.
 11759 | Bailey   | Entered a bailey
 11829 | Bailey   | Reached * piety under Vehumet
 11829 | Bailey   | Offered knowledge of Foxfire by Vehumet.
 11836 | Bailey   | Learned a level 5 spell: Lightning Bolt
 11994 | Bailey   | Noticed an orc warlord
 12260 | Bailey   | Found a runed translucent gate.
 12260 | Bailey   | Found a runed translucent gate.
 12260 | Bailey   | Found a runed translucent gate.
 12905 | Bailey   | Killed an orc warlord
 13135 | D:9      | Found a staircase to the Lair.
 13161 | D:9      | Found Feow's Assorted Antiques.
 13184 | D:9      | Bought a scroll labelled RAIGODD NUFAPN for 25 gold pieces
 13184 | D:9      | Bought a scroll of teleportation for 75 gold pieces
 13184 | D:9      | Bought a scroll of identify for 50 gold pieces
 13184 | D:9      | Bought a scroll labelled NORUOCHOEMAK for 25 gold pieces
 13184 | D:9      | Bought a scroll of identify for 50 gold pieces
 13184 | D:9      | Bought a dented emerald amulet for 125 gold pieces
 13184 | D:9      | Bought a scroll of remove curse for 75 gold pieces
 13489 | D:10     | Entered Level 10 of the Dungeon
 13496 | D:9      | Reached skill level 12 in Air Magic
 14101 | D:6      | Killed Menkaure
 14391 | D:5      | Killed Gnirx's ghost
 14392 | D:5      | Reached XP level 11. HP: 50/54 MP: 2/21
 14606 | D:10     | Reached ** piety under Vehumet
 14660 | D:10     | Offered knowledge of Searing Ray by Vehumet.
 14944 | D:10     | Reached skill level 1 in Summonings
 15084 | D:10     | Found a runed translucent door.
 15086 | D:10     | Identified the +8 spear "Arudeuma" {flame, rPois rC+ Str+3
                  | Int-4}
 15087 | D:10     | Noticed faxtax's ghost (novice MiFi)
 15089 | D:10     | Noticed a spriggan rider
 15123 | D:10     | Noticed a two-headed ogre
 15190 | D:10     | Found a shimmering blue altar of Sif Muna.
 15326 | D:10     | Identified Sif Muna's Volume of Arcane Weapons
 15453 | D:10     | Offered knowledge of Conjure Flame by Vehumet.
 15887 | D:11     | Noticed Urug
 16076 | D:11     | Reached *** piety under Vehumet
 16256 | D:11     | Reached skill level 13 in Air Magic
 16300 | D:10     | Killed a two-headed ogre
 16343 | D:11     | Noticed Erica
 16344 | D:11     | HP: 2/54 [/static electricity (3)]
 16344 | D:11     | Slain by a centaur

Illustrated notes

Levels and vault maps discovered:
D:1:      amcnicky_arrival_gap_in_the_tavern_cellar, layout_basic
D:2:      layout_basic
D:3:      cheibrodos_old_hovel, layout_basic, lemuel_round_altar,
          minmay_gold_behind_fungi
D:4:      layout_loops_corners, gammafunk_ghost_grave
D:5:      layout_cave_pools, gammafunk_ghost_split
D:6:      layout_loops_cross, nicolae_qazlal_eye_of_the_storm, minivault_5,
          uniq_menkaure, uniq_edmund
D:7:      layout_basic, nicolae_overflow_hidden_temple, minmay_temple_entry_tees
D:8:      layout_gridville, kennysheep_little_box, serial_shops, shop,
          uniq_psyche
D:9:      layout_gridville, lair_entry_dummy, serial_shops,
          nicolae_shop_crystal, enter_bailey_5
D:10:     layout_long_grid, ebering_ghost_funeral_grove, led_sif_book
D:11:     layout_loops_ring, portal_ice_cave_entry_imps, serial_shops, shop,
          hex_medium, minmay_hollow_rounded_squares, uniq_urug, uniq_erica
Temple:   nicolae_temple_elliptical

Skill      XL: |  1  2  3  4  5  6  7  8  9 10 11 |
---------------+----------------------------------+-----
Conjurations   | 2 3 4 5 6 7 10 11 12 | 12.7
Air Magic      | 5 6 7 8 10 12 13 | 13.1
Stealth        | 3 4 6 7 8 |  8.0
Shields        | 2 4 |  4.0
Spellcasting   | 3 4 5 6 |  6.7
Summonings     | 2 |  2.6
Dodging        | |  2.1

Action                   |  1- 3 |  4- 6 |  7- 9 | 10-12 || total
-------------------------+-------+-------+-------+-------++-------
Melee: Unarmed           |     8 |       |       |       ||     8
       Kick              |     5 |     7 |     1 |     3 ||    16
       Peck              |     4 |     2 |     1 |     4 ||    11
       Dagger            |    12 |    12 |     1 |       ||    25
       Hand axe          |       |       |     6 |       ||     6
       Spear             |       |       |     5 |    16 ||    21
Throw: Dart              |       |       |     5 |    26 ||    31
       Boomerang         |       |       |       |     4 ||     4
 Cast: Shock             |    70 |   118 |   185 |    45 ||   418
       Static Discharge  |       |     2 |    35 |    21 ||    58
       Swiftness         |       |       |     1 |       ||     1
       Airstrike         |       |       |    31 |   135 ||   166
       Lightning Bolt    |       |       |       |     6 ||     6
 Abil: Fly               |       |     1 |       |       ||     1
  Use: Scroll            |       |       |     5 |    14 ||    19
       Potion            |       |       |     4 |     1 ||     5
 Stab: Sleeping          |       |       |     1 |       ||     1
Armor: Robe              |     5 |     1 |     1 |       ||     7
       Troll leather arm |       |       |       |    11 ||    11
Dodge: Dodged            |    17 |     9 |    31 |    63 ||   120
Block: Buckler           |       |     2 |     9 |    36 ||    47
